cohdb
Replays
Latest Replays
All Replays
Popular Replays
Top Player Replays
Match Explorer
How It Works
Community
CoH3 Stats
Reddit
Sign in to upload your games and track your stats! →
Sign in with Steam
Match 45916402
Unlisted
Match 45916402
Overview
Messages
Build Orders
End
Pioneer Squad
Selects Italian Coastal Battlegroup
Selects Coastal Reserves
Coastal Reserve
Coastal Reserve
Construct Infanterie Kompanie
MG 42 Machine Gun Team
Grenadier Squad
Construct Luftwaffe Kompanie
Infanterie Officer Quarters
Selects Designate Defensive Line
Selects Designated Artillery Overwatch
Flak 30 Anti-aircraft Gun Team
Medical Station
Designate Defensive Line
Medical Bunker
Selects Artillery Officer
Construct Panzer Kompanie
Panzer IV Medium Tank
Pioneer Squad
Selects Obice da 210/22 Artillery Emplacement
MG 42 Bunker
Panzer IV Medium Tank
Panzer IV Medium Tank
Selects Bulwark
Pioneer Squad
Repair Bunker
Nostalgi@
Legionary
0
0
Comments
sign in to comment!
No comments posted yet!